[Event "AUT 2nd BL Mitte 2021-22"]
[Site "Austria"]
[Date "2022.03.27"]
[Round "9.1"]
[White "Frank, Emanuel"]
[Black "Schnider, Gert"]
[Result "0-1"]
[ECO "A40"]
[WhiteElo "2169"]
[BlackElo "2417"]
[Annotator "ChessBase"]
[PlyCount "84"]
[EventDate "2021.10.21"]
[EventType "team-tourn"]
[EventCountry "AUT"]
[SourceTitle "playchess.com"]
[Source "ChessBase"]
[SourceQuality "1"]
[TimeControl "40/5400+30:1800+30"]

1. d4 Nf6 2. c4 e6 3. g3 c5 4. d5 exd5 5. cxd5 b5 6. Nf3 Bb7 7. e4 Nxe4 8. Bg2 Be7 9. O-O O-O 10. Re1 f5 11. Nc3 Nxc3 12. bxc3 Bf6 13. Qb3 a6 14. Bb2 d6 15. a4 c4 16. Qd1 Nd7 17. axb5 axb5 18. Nd4 Rxa1 19. Bxa1 Bxd4 20. Qxd4 Qb6 21. Qf4 Ne5 22. Rb1 Nd3 23. Qe3 Qxe3 24. fxe3 Ra8 25. e4 fxe4 26. Bxe4 Nc5 27. Bg2 Bc8 28. Bb2 Bf5 29. Ra1 Rxa1+ 30. Bxa1 Kf7 31. Bb2 Na4 32. Ba3 Nxc3 33. Bxd6 Na2 34. Bf4 Ke7 35. Be5 c3 36. Bf1 c2 37. d6+ Ke6 38. Bf4 c1=Q 39. Bxc1 Nxc1 40. Bxb5 Kxd6 41. Kf2 Ke5 42. Ke3 Nb3 0-1

[Event "AUT 2nd BL Mitte 2021-22"]
[Site "Austria"]
[Date "2022.03.27"]
[Round "9.2"]
[White "Brinovec, David"]
[Black "Dappiano, Andrea"]
[Result "1-0"]
[ECO "A45"]
[WhiteElo "2260"]
[BlackElo "2255"]
[Annotator "ChessBase"]
[PlyCount "83"]
[EventDate "2021.10.21"]
[EventType "team-tourn"]
[EventCountry "AUT"]
[SourceTitle "playchess.com"]
[Source "ChessBase"]
[SourceQuality "1"]
[TimeControl "40/5400+30:1800+30"]

1. d4 Nf6 2. Bf4 e6 3. e3 c5 4. c3 Nc6 5. Nd2 d5 6. Ngf3 Bd6 7. Bg3 O-O 8. Bd3 b6 9. O-O Bxg3 10. hxg3 Bb7 11. Qe2 Re8 12. Ne5 Nxe5 13. dxe5 Nd7 14. f4 f6 15. Qh5 f5 16. Nf3 Nf8 17. g4 g6 18. Qh3 Re7 19. Rad1 b5 20. gxf5 gxf5 21. Ng5 Qb6 22. Kh2 Rg7 23. Rg1 d4 24. g4 dxe3 25. gxf5 e2 26. Bxe2 c4 27. Rd4 exf5 28. Qxf5 Qh6+ 29. Qh3 Qxh3+ 30. Nxh3 Ng6 31. Bh5 Rf8 32. Bxg6 hxg6 33. Ng5 Re7 34. Kg3 Kg7 35. Rgd1 Bc8 36. Rh1 Kg8 37. Ne4 Bb7 38. Nf6+ Rxf6 39. exf6 Re3+ 40. Kf2 Rf3+ 41. Ke2 Rd3 42. f7+ 1-0

[Event "AUT 2nd BL Mitte 2021-22"]
[Site "Austria"]
[Date "2022.03.27"]
[Round "9.3"]
[White "Riemelmoser, Franz"]
[Black "Perhinig, Robert"]
[Result "1/2-1/2"]
[ECO "A35"]
[WhiteElo "2244"]
[BlackElo "2225"]
[Annotator "ChessBase"]
[PlyCount "117"]
[EventDate "2021.10.21"]
[EventType "team-tourn"]
[EventCountry "AUT"]
[SourceTitle "playchess.com"]
[Source "ChessBase"]
[SourceQuality "1"]
[TimeControl "40/5400+30:1800+30"]

1. c4 c5 2. Nf3 Nf6 3. Nc3 Nc6 4. e3 g6 5. d4 cxd4 6. exd4 d5 7. cxd5 Nxd5 8. Qb3 Nxc3 9. Bc4 Nd5 10. Bxd5 e6 11. Bxc6+ bxc6 12. O-O Qd5 13. Qc2 Bg7 14. Be3 O-O 15. Rfc1 Bd7 16. Qc4 Qxc4 17. Rxc4 Rfd8 18. Rac1 Be8 19. h3 Rd5 20. Rb4 Rdd8 21. b3 a5 22. Rb7 a4 23. b4 Rab8 24. Rxb8 Rxb8 25. a3 h6 26. Bf4 Rd8 27. Rc5 Bxd4 28. Nxd4 Rxd4 29. Bxh6 Rd3 30. Ra5 Kh7 31. Bg5 Rd5 32. Be3 Rxa5 33. bxa5 c5 34. Bxc5 Kg7 35. h4 Kf6 36. a6 Kf5 37. a7 Bc6 38. f3 e5 39. g4+ Ke6 40. Kf2 f5 41. Ke3 e4 42. h5 gxh5 43. gxh5 exf3 44. Kf4 Kf7 45. Ke5 Kg7 46. Kxf5 Kh7 47. Be3 Ba8 48. Ke6 f2 49. Bxf2 Kh6 50. Kd6 Kxh5 51. Kc5 Kg6 52. Kb5 Kf7 53. Kxa4 Ke8 54. Kb5 Kd7 55. Kb6 Kc8 56. Bg1 Bg2 57. Bf2 Bf3 58. Bg1 Bg2 59. Bf2 1/2-1/2

[Event "AUT 2nd BL Mitte 2021-22"]
[Site "Austria"]
[Date "2022.03.27"]
[Round "9.4"]
[White "Watzka, Horst"]
[Black "Feinig, Mario"]
[Result "1/2-1/2"]
[ECO "B31"]
[WhiteElo "2171"]
[BlackElo "2128"]
[Annotator "NA"]
[PlyCount "79"]
[EventDate "2021.10.21"]
[EventType "team-tourn"]
[EventCountry "AUT"]
[SourceTitle "playchess.com"]
[Source "ChessBase"]
[SourceQuality "1"]
[TimeControl "40/5400+30:1800+30"]

1. e4 c5 2. Nf3 Nc6 3. Bb5 g6 4. O-O Bg7 5. d3 e5 6. Bxc6 dxc6 7. a4 a5 8. Na3 Qc7 9. Be3 b6 10. Nc4 Be6 11. Nfd2 Rb8 12. f4 f6 13. Qf3 Ne7 14. fxe5 fxe5 15. Qg3 Bf7 16. Bg5 $18 b5 17. Ne3 h6 18. Bf6 O-O 19. Bxg7 Kxg7 20. b3 Be6 21. Nf3 Rf6 22. Qxe5 Qxe5 23. Nxe5 Rxf1+ 24. Kxf1 Kf6 25. Nf3 c4 26. Nd4 cxb3 27. cxb3 bxa4 28. Rxa4 Bxb3 29. Rxa5 Be6 30. Rc5 Rd8 31. Nxe6 Kxe6 32. Ke2 Ra8 33. Rc2 Ra4 34. Nc4 g5 35. Ne3 Ra5 36. Ng4 h5 37. Ne3 c5 38. Kf2 Nc6 39. Nf5 Ke5 40. Ke3 1/2-1/2

[Event "AUT 2nd BL Mitte 2021-22"]
[Site "Austria"]
[Date "2022.03.27"]
[Round "9.5"]
[White "Heindl, Matthias"]
[Black "Elpons, Walter"]
[Result "1-0"]
[ECO "A00"]
[WhiteElo "2234"]
[BlackElo "1932"]
[Annotator "ChessBase"]
[PlyCount "103"]
[EventDate "2021.10.21"]
[EventType "team-tourn"]
[EventCountry "AUT"]
[SourceTitle "playchess.com"]
[Source "ChessBase"]
[SourceQuality "1"]
[TimeControl "40/5400+30:1800+30"]

1. Nc3 d5 2. e4 dxe4 3. Nxe4 e5 4. Bc4 Bf5 5. Qf3 Nh6 6. d3 Bxe4 7. dxe4 Qe7 8. c3 g6 9. Bxh6 Bxh6 10. Qh3 Bg7 11. Qc8+ Qd8 12. Qxb7 Nd7 13. Rd1 Rb8 14. Qd5 Qe7 15. Bb5 Rd8 16. Nf3 Qe6 17. Qxe6+ fxe6 18. Rxd7 Rxd7 19. Ke2 Ke7 20. Bxd7 Kxd7 21. Rd1+ Ke7 22. Kd3 Rd8+ 23. Kc2 Rf8 24. Kb3 g5 25. Rd2 g4 26. Ne1 Bh6 27. Re2 Rd8 28. Kc4 Rd1 29. Nd3 Kd6 30. Re1 Rd2 31. g3 Bg7 32. a3 a5 33. a4 Kc6 34. b4 Ra2 35. bxa5 Rxa4+ 36. Nb4+ Kb7 37. Kb5 Ra3 38. a6+ Kc8 39. Re2 Bf8 40. Re3 Bd6 41. f3 h5 42. fxg4 hxg4 43. Nc2 Ra2 44. Re2 Rb2+ 45. Kc4 Ra2 46. Rg2 Rxa6 47. Ne3 c5 48. Nxg4 Ra4+ 49. Kb5 Rxe4 50. Nf6 Re1 51. Kc6 Be7 52. Ra2 1-0

[Event "AUT 2nd BL Mitte 2021-22"]
[Site "Austria"]
[Date "2022.03.27"]
[Round "9.6"]
[White "Strobl, Samuel"]
[Black "Holzmann, Joerg"]
[Result "1-0"]
[ECO "B48"]
[WhiteElo "1899"]
[BlackElo "2180"]
[Annotator "NA"]
[PlyCount "65"]
[EventDate "2021.10.21"]
[EventType "team-tourn"]
[EventCountry "AUT"]
[SourceTitle "playchess.com"]
[Source "ChessBase"]
[SourceQuality "1"]
[TimeControl "40/5400+30:1800+30"]

1. e4 c5 2. Nf3 e6 3. d4 cxd4 4. Nxd4 Nc6 5. Nc3 Qc7 6. Be3 a6 7. Qd2 Nf6 8. f3 b5 9. g4 Bb7 10. Be2 Be7 11. O-O-O Nxd4 12. Bxd4 b4 13. Na4 {[%emt 0:02:02] [#]} d5 (13... Nxe4 $1 $11 14. fxe4 Bxe4) 14. Nb6 Rd8 15. e5 $1 Nd7 16. Nxd7 Qxd7 17. f4 O-O (17... a5 $14) 18. Bd3 f6 19. f5 (19. exf6 $16 Bxf6 20. Bc5 (20. Qxb4 Be7 $16)) 19... fxe5 20. Bxe5 Bd6 21. Rhe1 Bxe5 22. Rxe5 exf5 $18 23. Bxf5 Qd6 24. Rde1 Rf6 25. Re7 Bc8 26. Qg5 g6 27. Qh6 Rf7 28. Rxf7 Kxf7 29. Qxh7+ Kf8 30. Bxg6 Qf6 31. Qh6+ Qg7 32. Rf1+ Kg8 33. Bf7+ 1-0

[Event "AUT 2nd BL Mitte 2021-22"]
[Site "Austria"]
[Date "2022.03.27"]
[Round "9.7"]
[White "Heinemann, Thies"]
[Black "Saric, Ante"]
[Result "1/2-1/2"]
[ECO "C07"]
[WhiteElo "2495"]
[BlackElo "2514"]
[Annotator "ChessBase"]
[PlyCount "60"]
[EventDate "2021.10.21"]
[EventType "team-tourn"]
[EventCountry "AUT"]
[SourceTitle "playchess.com"]
[Source "ChessBase"]
[SourceQuality "1"]
[TimeControl "40/5400+30:1800+30"]

1. e4 e6 2. d4 d5 3. Nd2 c5 4. exd5 Qxd5 5. Ngf3 cxd4 6. Bc4 Qd6 7. O-O Nf6 8. Nb3 Nc6 9. Nbxd4 Nxd4 10. Qxd4 Qxd4 11. Nxd4 Bd7 12. b3 Bc5 13. Bb2 O-O 14. Nf3 Rfd8 15. Ne5 Be8 16. Be2 Bd4 17. Bxd4 Rxd4 18. Bf3 Rc8 19. c4 Rc5 20. Rfe1 Nd7 21. Nxd7 Rxd7 22. Red1 Rcc7 23. Kf1 Kf8 24. Ke2 Ke7 25. Ke3 Rxd1 26. Rxd1 b5 27. Be2 bxc4 28. Bxc4 g5 29. g3 h6 30. Rd4 Bd7 1/2-1/2

[Event "AUT 2nd BL Mitte 2021-22"]
[Site "Austria"]
[Date "2022.03.27"]
[Round "9.8"]
[White "Antoniewski, Rafal"]
[Black "Frosch, Ronald"]
[Result "1/2-1/2"]
[ECO "B12"]
[WhiteElo "2465"]
[BlackElo "2265"]
[Annotator "ChessBase"]
[PlyCount "88"]
[EventDate "2021.10.21"]
[EventType "team-tourn"]
[EventCountry "AUT"]
[SourceTitle "playchess.com"]
[Source "ChessBase"]
[SourceQuality "1"]
[TimeControl "40/5400+30:1800+30"]

1. e4 c6 2. d4 d5 3. e5 c5 4. Nf3 e6 5. c3 Bd7 6. Be2 Nc6 7. O-O Nge7 8. Na3 Ng6 9. Nc2 Be7 10. g3 O-O 11. h4 f6 12. h5 Ngxe5 13. dxe5 fxe5 14. Nh2 Qc7 15. Ne3 Rad8 16. Nxd5 exd5 17. Qxd5+ Kh8 18. Qg2 Bf5 19. Re1 c4 20. Be3 Bd3 21. Bf3 h6 22. Be4 Qd7 23. Rad1 Qe8 24. Bxd3 cxd3 25. Qe4 Qxh5 26. Rxd3 Rxd3 27. Qxd3 Qf7 28. b3 Bg5 29. Re2 Rd8 30. Qe4 Bxe3 31. Rxe3 Qd5 32. Qh4 Rf8 33. Qg4 Qd2 34. Qe2 Rd8 35. Kg2 a5 36. Nf3 Qxe2 37. Rxe2 Rd3 38. Nxe5 Rxc3 39. Nf7+ Kh7 40. Nd6 b6 41. Re6 Nb4 42. Re2 Rc6 43. Nb5 Rc5 44. Nd6 Rc6 1/2-1/2

[Event "AUT 2nd BL Mitte 2021-22"]
[Site "Austria"]
[Date "2022.03.27"]
[Round "9.9"]
[White "Wanderer, Thomas"]
[Black "Rogic, Davor"]
[Result "0-1"]
[ECO "C24"]
[WhiteElo "2243"]
[BlackElo "2446"]
[Annotator "ChessBase"]
[PlyCount "42"]
[EventDate "2021.10.21"]
[EventType "team-tourn"]
[EventCountry "AUT"]
[SourceTitle "playchess.com"]
[Source "ChessBase"]
[SourceQuality "1"]
[TimeControl "40/5400+30:1800+30"]

1. e4 e5 2. Bc4 Nf6 3. d3 Nc6 4. Nc3 Bc5 5. f4 d6 6. Nf3 Ng4 7. Ng5 exf4 8. Bxf7+ Kf8 9. Bxf4 Nf2 10. Qf3 Nxh1 11. Nd5 Nd4 12. Qh5 c6 13. Ne3 Qf6 14. g3 g6 15. Qh4 Kg7 16. Bb3 h6 17. Ng4 hxg5 18. Qxh8+ Kxh8 19. Nxf6 gxf4 20. c3 Nxb3 21. axb3 fxg3 0-1

[Event "AUT 2nd BL Mitte 2021-22"]
[Site "Austria"]
[Date "2022.03.27"]
[Round "9.10"]
[White "Drnovsek, Gal"]
[Black "Frosch, Erich"]
[Result "1-0"]
[ECO "D37"]
[WhiteElo "2392"]
[BlackElo "2185"]
[Annotator "ChessBase"]
[PlyCount "55"]
[EventDate "2021.10.21"]
[EventType "team-tourn"]
[EventCountry "AUT"]
[SourceTitle "playchess.com"]
[Source "ChessBase"]
[SourceQuality "1"]
[TimeControl "40/5400+30:1800+30"]

1. d4 Nf6 2. c4 e6 3. Nf3 d5 4. Nc3 Be7 5. Bf4 a6 6. c5 Nc6 7. a3 Ne4 8. e3 g5 9. Be5 f6 10. Bg3 h5 11. h3 Nxg3 12. fxg3 f5 13. Be2 O-O 14. Qc2 Kg7 15. O-O-O g4 16. hxg4 hxg4 17. Nd2 Bg5 18. Qd3 Rh8 19. Kb1 Bd7 20. e4 Bxd2 21. Qxd2 fxe4 22. Rxh8 Qxh8 23. Qg5+ Kf7 24. Rf1+ Ke8 25. Bxg4 Ne7 26. Bh5+ Kd8 27. Rf7 Qe8 28. Qf6 1-0

[Event "AUT 2nd BL Mitte 2021-22"]
[Site "Austria"]
[Date "2022.03.27"]
[Round "9.11"]
[White "Manhardt, Thomas"]
[Black "Dietmayer-Kraeutler, Marco"]
[Result "0-1"]
[ECO "A01"]
[WhiteElo "2247"]
[BlackElo "2312"]
[Annotator "ChessBase"]
[PlyCount "82"]
[EventDate "2021.10.21"]
[EventType "team-tourn"]
[EventCountry "AUT"]
[SourceTitle "playchess.com"]
[Source "ChessBase"]
[SourceQuality "1"]
[TimeControl "40/5400+30:1800+30"]

1. b3 d5 2. Bb2 c5 3. e3 Nc6 4. Bb5 Qc7 5. f4 a6 6. Bxc6+ Qxc6 7. Nf3 Nf6 8. Ne5 Qc7 9. d3 g6 10. Nd2 Bg7 11. O-O Ng4 12. Qf3 Nxe5 13. Bxe5 Bxe5 14. fxe5 Be6 15. Qg3 O-O 16. Nf3 h6 17. Rf2 Kg7 18. Raf1 Qa5 19. a4 Qc3 20. h4 b5 21. axb5 axb5 22. h5 Ra1 23. hxg6 Rxf1+ 24. Rxf1 fxg6 25. Rf2 Rf5 26. Qh4 Rf7 27. Qg3 b4 28. Kh2 Rf5 29. Nh4 Rg5 30. Qf3 Qxe5+ 31. g3 Qb8 32. Kg2 Rg4 33. e4 dxe4 34. dxe4 Qa8 35. Re2 h5 36. Kh2 Qb8 37. Kg2 c4 38. Qe3 Qe5 39. Qf3 cxb3 40. cxb3 Qf6 41. Re3 Qxh4 0-1

[Event "AUT 2nd BL Mitte 2021-22"]
[Site "Austria"]
[Date "2022.03.27"]
[Round "9.12"]
[White "Ceschia, Ivano"]
[Black "Wegerer, Fred"]
[Result "1-0"]
[ECO "A46"]
[WhiteElo "2229"]
[BlackElo "2089"]
[Annotator "ChessBase"]
[PlyCount "71"]
[EventDate "2021.10.21"]
[EventType "team-tourn"]
[EventCountry "AUT"]
[SourceTitle "playchess.com"]
[Source "ChessBase"]
[SourceQuality "1"]
[TimeControl "40/5400+30:1800+30"]

1. d4 Nf6 2. Nf3 d6 3. g3 Nbd7 4. Bg2 e5 5. c4 Be7 6. Nc3 O-O 7. O-O a6 8. Qc2 Rb8 9. Rd1 exd4 10. Nxd4 Re8 11. b3 g6 12. Bb2 c5 13. Nf3 b5 14. Ne4 Nxe4 15. Qxe4 Bb7 16. Qf4 bxc4 17. Qxc4 Bf6 18. Qc2 Qe7 19. e3 Be4 20. Qe2 a5 21. Bxf6 Qxf6 22. Nd2 Bxg2 23. Kxg2 d5 24. Qf3 Qe6 25. Qf4 Rb4 26. Qc7 a4 27. h4 axb3 28. axb3 d4 29. e4 d3 30. Nf3 Rxb3 31. Ra7 Qe7 32. Qxd7 Qxd7 33. Rxd7 c4 34. Nd2 Rb2 35. Nxc4 Rc2 36. Nd6 1-0

[Event "AUT 2nd BL Mitte 2021-22"]
[Site "Austria"]
[Date "2022.03.27"]
[Round "9.13"]
[White "Khalakhan, Jurij"]
[Black "Babula, Vlastimil"]
[Result "0-1"]
[ECO "D05"]
[WhiteElo "2204"]
[BlackElo "2558"]
[Annotator "ChessBase"]
[PlyCount "120"]
[EventDate "2021.10.21"]
[EventType "team-tourn"]
[EventCountry "AUT"]
[SourceTitle "playchess.com"]
[Source "ChessBase"]
[SourceQuality "1"]
[TimeControl "40/5400+30:1800+30"]

1. d4 Nf6 2. Nf3 e6 3. Nbd2 d5 4. e3 c5 5. b3 cxd4 6. exd4 Nc6 7. Bb2 Bd6 8. a3 Ne4 9. Ne5 Nxd2 10. Qxd2 Qc7 11. f4 f6 12. Nd3 O-O 13. Be2 Qb6 14. Nc5 Qc7 15. Nd3 Bd7 16. Bf3 Rac8 17. O-O Qb6 18. Qf2 Ne7 19. Rfe1 Qc7 20. Rac1 Bxf4 21. Nxf4 Qxf4 22. c4 Qd6 23. c5 Qc6 24. b4 Rce8 25. Be2 a6 26. Bd3 Qc7 27. Qh4 Ng6 28. Bxg6 hxg6 29. Rc3 Kf7 30. Rg3 Ba4 31. Bc1 Rh8 32. Qf4 Qxf4 33. Bxf4 Rh4 34. Rf3 g5 35. g3 Rh5 36. Bd6 Bc2 37. Rc3 Ba4 38. Rf3 Rhh8 39. Rf2 Ra8 40. Rb2 Bb5 41. Ra1 Ke8 42. a4 Bc4 43. Re1 Kd7 44. a5 Rae8 45. Re3 g4 46. Rf2 Rh5 47. Rf4 Rg5 48. Rf2 Kc6 49. Rb2 e5 50. Rb1 Rf5 51. Rbe1 e4 52. Rb1 Rh8 53. Rc1 Kb5 54. Rb1 Rh7 55. Rc1 g5 56. Rb1 Rf3 57. Rbe1 Bd3 58. Rxf3 gxf3 59. g4 Kc4 60. Kf2 Kxd4 0-1

[Event "AUT 2nd BL Mitte 2021-22"]
[Site "Austria"]
[Date "2022.03.27"]
[Round "9.14"]
[White "Bauer, Sebastian"]
[Black "Krebs, Johann"]
[Result "1-0"]
[ECO "E73"]
[WhiteElo "2341"]
[BlackElo "2184"]
[Annotator "ChessBase"]
[PlyCount "79"]
[EventDate "2021.10.21"]
[EventType "team-tourn"]
[EventCountry "AUT"]
[SourceTitle "playchess.com"]
[Source "ChessBase"]
[SourceQuality "1"]
[TimeControl "40/5400+30:1800+30"]

1. d4 Nf6 2. c4 g6 3. Nc3 Bg7 4. e4 d6 5. Be2 O-O 6. Be3 e5 7. d5 Na6 8. g4 Nc5 9. f3 h5 10. g5 Nh7 11. h4 f6 12. gxf6 Bxf6 13. Bf2 Be7 14. Kd2 Rf4 15. Qe1 c6 16. Kc2 Nf6 17. Rc1 a5 18. Kb1 a4 19. Nh3 cxd5 20. Nxf4 exf4 21. Bxc5 dxc5 22. cxd5 Nd7 23. d6 Bxd6 24. Rd1 Qf8 25. Qd2 Be5 26. Qd5+ Kg7 27. Bb5 Bxc3 28. bxc3 Nf6 29. Qe5 c4 30. Bxc4 b5 31. Qc7+ Kh6 32. Rd8 Qg7 33. Qxf4+ Kh7 34. Be6 Bb7 35. Rxa8 Bxa8 36. Rd1 a3 37. Qe5 b4 38. cxb4 Qe7 39. Rd7 Nxd7 40. Bg8+ 1-0

[Event "AUT 2nd BL Mitte 2021-22"]
[Site "Austria"]
[Date "2022.03.27"]
[Round "9.15"]
[White "Ebner, Hubert"]
[Black "Weiss, Christian"]
[Result "1/2-1/2"]
[ECO "A40"]
[WhiteElo "2189"]
[BlackElo "2380"]
[Annotator "ChessBase"]
[PlyCount "47"]
[EventDate "2021.10.21"]
[EventType "team-tourn"]
[EventCountry "AUT"]
[SourceTitle "playchess.com"]
[Source "ChessBase"]
[SourceQuality "1"]
[TimeControl "40/5400+30:1800+30"]

1. d4 g6 2. c4 Bg7 3. e4 d6 4. Nc3 c5 5. Nge2 cxd4 6. Nxd4 Nf6 7. Be2 O-O 8. O-O Nc6 9. Be3 Bd7 10. Qd2 Nxd4 11. Bxd4 Bc6 12. f3 a5 13. b3 Nd7 14. Be3 Nc5 15. Rab1 Qc7 16. Rfd1 Rfc8 17. Bf1 Be5 18. Rdc1 Qd8 19. Rc2 Qf8 20. Bh6 Bg7 21. Be3 Be5 22. Bh6 Bg7 23. Be3 Be5 24. Ra1 1/2-1/2

[Event "AUT 2nd BL Mitte 2021-22"]
[Site "Austria"]
[Date "2022.03.27"]
[Round "9.16"]
[White "Knoll, Hermann"]
[Black "Skuhala, Jernej"]
[Result "0-1"]
[ECO "A46"]
[WhiteElo "2313"]
[BlackElo "2357"]
[Annotator "ChessBase"]
[PlyCount "82"]
[EventDate "2021.10.21"]
[EventType "team-tourn"]
[EventCountry "AUT"]
[SourceTitle "playchess.com"]
[Source "ChessBase"]
[SourceQuality "1"]
[TimeControl "40/5400+30:1800+30"]

1. d4 Nf6 2. Nf3 e6 3. g3 d5 4. Bg2 Be7 5. O-O O-O 6. b3 c5 7. dxc5 Bxc5 8. Bb2 Nc6 9. Nbd2 Re8 10. a3 a5 11. c4 Qe7 12. Qc2 d4 13. Ng5 e5 14. Bd5 Nd8 15. Nge4 Bf5 16. Nxf6+ Qxf6 17. Be4 g6 18. b4 axb4 19. axb4 Rxa1 20. Rxa1 Bxb4 21. Qa4 Qe7 22. Bxf5 gxf5 23. Nf3 Nc6 24. Nh4 Qd7 25. Qb5 Be7 26. Nf3 Bf6 27. Nd2 Kg7 28. Nb3 Qc7 29. Nc5 e4 30. Nb3 d3 31. Bxf6+ Kxf6 32. exd3 exd3 33. Rd1 Rd8 34. c5 Qe7 35. Nc1 d2 36. Nd3 Nd4 37. Qb2 Qe2 38. Qb6+ Kg7 39. Nb2 Qe1+ 40. Kg2 Qe4+ 41. Kh3 Ne6 0-1

[Event "AUT 2nd BL Mitte 2021-22"]
[Site "Austria"]
[Date "2022.03.27"]
[Round "9.17"]
[White "Supancic, Darko"]
[Black "Moser, Guenter"]
[Result "1/2-1/2"]
[ECO "A89"]
[WhiteElo "2275"]
[BlackElo "2230"]
[Annotator "ChessBase"]
[PlyCount "84"]
[EventDate "2021.10.21"]
[EventType "team-tourn"]
[EventCountry "AUT"]
[SourceTitle "playchess.com"]
[Source "ChessBase"]
[SourceQuality "1"]
[TimeControl "40/5400+30:1800+30"]

1. Nf3 f5 2. g3 Nf6 3. Bg2 g6 4. O-O Bg7 5. d4 O-O 6. c4 d6 7. Nc3 Nc6 8. d5 Ne5 9. Nxe5 dxe5 10. b3 h6 11. Bb2 g5 12. Qd2 a6 13. Rfd1 Qe8 14. c5 Qh5 15. d6 exd6 16. Nd5 Nxd5 17. Qxd5+ Kh7 18. cxd6 c6 19. Qa5 Qe8 20. Rac1 Rf7 21. e3 e4 22. Bxg7 Kxg7 23. Bf1 Be6 24. Rd4 Rd8 25. Bc4 Rdd7 26. Qe5+ Rf6 27. a4 Bf7 28. Qc5 Qd8 29. Rcd1 Qe8 30. b4 Bxc4 31. Qxc4 Re6 32. b5 cxb5 33. axb5 axb5 34. Qxb5 Qf7 35. Rd5 Rf6 36. Qb2 Kg6 37. Qd4 Re6 38. Qc5 Qf8 39. Qd4 Qf6 40. Qd2 Qf8 41. Kg2 Qf6 42. Qb4 Qf8 1/2-1/2

[Event "AUT 2nd BL Mitte 2021-22"]
[Site "Austria"]
[Date "2022.03.27"]
[Round "9.18"]
[White "Ennsberger, Ulrich"]
[Black "Steiner, Stefan"]
[Result "1-0"]
[ECO "A05"]
[WhiteElo "2265"]
[BlackElo "2264"]
[Annotator "ChessBase"]
[PlyCount "55"]
[EventDate "2021.10.21"]
[EventType "team-tourn"]
[EventCountry "AUT"]
[SourceTitle "playchess.com"]
[Source "ChessBase"]
[SourceQuality "1"]
[TimeControl "40/5400+30:1800+30"]

1. Nf3 Nf6 2. c4 c5 3. e3 e6 4. d4 d5 5. Nc3 Nc6 6. a3 a6 7. cxd5 exd5 8. Be2 Be7 9. O-O O-O 10. dxc5 Bxc5 11. b4 Ba7 12. Bb2 Be6 13. Na4 Ne4 14. Nd4 Rc8 15. Nxc6 Rxc6 16. b5 axb5 17. Bxb5 Rc8 18. Bd4 Bb8 19. Qe2 Qh4 20. f4 Nd6 21. Bd3 Bf5 22. Nb6 Rc6 23. Nxd5 Re8 24. Rac1 Bxd3 25. Qxd3 Qh5 26. Rxc6 bxc6 27. Nc3 Nf5 28. Bb6 1-0

[Event "AUT 2nd BL Mitte 2021-22"]
[Site "Austria"]
[Date "2022.03.27"]
[Round "9.19"]
[White "Gschnitzer, Adrian"]
[Black "Nemeth, Miklos"]
[Result "1/2-1/2"]
[ECO "C67"]
[WhiteElo "2414"]
[BlackElo "2449"]
[Annotator "ChessBase"]
[PlyCount "32"]
[EventDate "2021.10.21"]
[EventType "team-tourn"]
[EventCountry "AUT"]
[SourceTitle "playchess.com"]
[Source "ChessBase"]
[SourceQuality "1"]
[TimeControl "40/5400+30:1800+30"]

1. e4 e5 2. Nf3 Nc6 3. Bb5 Nf6 4. O-O Nxe4 5. d4 Nd6 6. dxe5 Nxb5 7. a4 Nbd4 8. Nxd4 Nxd4 9. Qxd4 d5 10. exd6 Qxd6 11. Qe4+ Qe6 12. Qd4 Qd6 13. Qe4+ Qe6 14. Qd4 Qd6 15. Qe4+ Qe6 16. Qd4 Qd6 1/2-1/2

[Event "AUT 2nd BL Mitte 2021-22"]
[Site "Austria"]
[Date "2022.03.27"]
[Round "9.20"]
[White "Kovacs, Gabor"]
[Black "Csonka, Attila Istvan"]
[Result "1/2-1/2"]
[ECO "B33"]
[WhiteElo "2448"]
[BlackElo "2334"]
[Annotator "ChessBase"]
[PlyCount "40"]
[EventDate "2021.10.21"]
[EventType "team-tourn"]
[EventCountry "AUT"]
[SourceTitle "playchess.com"]
[Source "ChessBase"]
[SourceQuality "1"]
[TimeControl "40/5400+30:1800+30"]

1. e4 c5 2. Nf3 Nc6 3. d4 cxd4 4. Nxd4 Nf6 5. Nc3 e5 6. Ndb5 d6 7. Bg5 a6 8. Na3 b5 9. Nd5 Qa5+ 10. Bd2 Qd8 11. Bg5 Qa5+ 12. Bd2 Qd8 13. Bg5 Qa5+ 14. Bd2 Qd8 15. Bg5 Qa5+ 16. Bd2 Qd8 17. Bg5 Qa5+ 18. Bd2 Qd8 19. Bg5 Qa5+ 20. Bd2 Qd8 1/2-1/2

[Event "AUT 2nd BL Mitte 2021-22"]
[Site "Austria"]
[Date "2022.03.27"]
[Round "9.21"]
[White "Kiss, Attila"]
[Black "Gelbenegger, Patrick"]
[Result "0-1"]
[ECO "D30"]
[WhiteElo "2305"]
[BlackElo "2248"]
[Annotator "ChessBase"]
[PlyCount "46"]
[EventDate "2021.10.21"]
[EventType "team-tourn"]
[EventCountry "AUT"]
[SourceTitle "playchess.com"]
[Source "ChessBase"]
[SourceQuality "1"]
[TimeControl "40/5400+30:1800+30"]

1. d4 d5 2. c4 e6 3. Nf3 Nf6 4. g3 Bb4+ 5. Bd2 Be7 6. Qc2 Nbd7 7. Bg2 O-O 8. O-O b6 9. cxd5 Nxd5 10. Nc3 Bb7 11. Nxd5 Bxd5 12. e4 Bb7 13. Bf4 Bd6 14. e5 Be7 15. Ng5 Bxg5 16. Bxb7 Bxf4 17. Bxa8 Qxa8 18. Qxc7 Rd8 19. gxf4 Nf8 20. Rac1 Rxd4 21. Rfd1 Rxf4 22. Rc3 Qe4 23. Rd8 Qe1+ 0-1

[Event "AUT 2nd BL Mitte 2021-22"]
[Site "Austria"]
[Date "2022.03.27"]
[Round "9.22"]
[White "Enoeckl, Philipp"]
[Black "Schernthaner, David"]
[Result "1/2-1/2"]
[ECO "A45"]
[WhiteElo "2302"]
[BlackElo "2213"]
[Annotator "ChessBase"]
[PlyCount "36"]
[EventDate "2021.10.21"]
[EventType "team-tourn"]
[EventCountry "AUT"]
[SourceTitle "playchess.com"]
[Source "ChessBase"]
[SourceQuality "1"]
[TimeControl "40/5400+30:1800+30"]

1. d4 Nf6 2. Nc3 d5 3. Bf4 a6 4. e3 c5 5. dxc5 Nc6 6. Nf3 Bg4 7. h3 Bxf3 8. Qxf3 e6 9. O-O-O Qa5 10. g4 Bxc5 11. g5 Nd7 12. Kb1 Nb6 13. Bc7 Rc8 14. Qg3 Be7 15. h4 Bd8 16. Bd6 Be7 17. Bc7 Bd8 18. Bd6 Be7 1/2-1/2

[Event "AUT 2nd BL Mitte 2021-22"]
[Site "Austria"]
[Date "2022.03.27"]
[Round "9.23"]
[White "Marakovits, Nico"]
[Black "Meyer, Gordon"]
[Result "1-0"]
[ECO "E95"]
[WhiteElo "2249"]
[BlackElo "2208"]
[Annotator "ChessBase"]
[PlyCount "113"]
[EventDate "2021.10.21"]
[EventType "team-tourn"]
[EventCountry "AUT"]
[SourceTitle "playchess.com"]
[Source "ChessBase"]
[SourceQuality "1"]
[TimeControl "40/5400+30:1800+30"]

1. d4 Nf6 2. c4 g6 3. Nc3 Bg7 4. e4 d6 5. Nf3 O-O 6. Be2 Nbd7 7. O-O e5 8. Re1 Qe7 9. d5 c5 10. dxc6 bxc6 11. b4 Bb7 12. Rb1 Rfd8 13. Qb3 Nf8 14. b5 cxb5 15. Bf1 Rab8 16. cxb5 Ne6 17. Ba3 Nc5 18. Bxc5 dxc5 19. Qa3 Bh6 20. Rb2 Qc7 21. Rc2 Rbc8 22. Bc4 Kg7 23. h3 Rd7 24. Qb2 Re8 25. Qa3 Ba8 26. Qa4 Qd8 27. Qb3 Ree7 28. Qa3 Bd2 29. Rxd2 Rxd2 30. Nxd2 Qxd2 31. Rd1 Qg5 32. Bd5 Nxd5 33. Nxd5 Bxd5 34. Rxd5 Qf4 35. Qxc5 Qxe4 36. Qxe7 Qxd5 37. Qxa7 Qxb5 38. a4 Qb1+ 39. Kh2 Qa1 40. a5 e4 41. Qb6 h5 42. h4 Kh7 43. a6 e3 44. fxe3 Qe5+ 45. Kg1 Qa1+ 46. Kf2 Qa2+ 47. Kg3 Qe2 48. Kh2 Qg4 49. Qd4 Qe6 50. a7 Qa6 51. Qc5 Qa4 52. Qe7 Kg7 53. e4 Qa1 54. e5 Qa5 55. Qb7 Qxe5+ 56. g3 Qb2+ 57. Qxb2+ 1-0